[Event "Live Chess"]
[Site "Chess.com"]
[Date "2023.05.21"]
[Round "-"]
[White "gmnorfolk"]
[Black "GMHarry-youtube"]
[Result "1-0"]
[WhiteElo "2126"]
[BlackElo "2036"]
[TimeControl "300"]
[EndTime "17:41:39 PDT"]
[Termination "gmnorfolk won by resignation"]

1. d4 Nf6 2. c4 g6 3. Nc3 d5 4.
cxd5 Nxd5 5. Bd2 Bg7 6. e4 Nxc3 7. Bxc3 c5 8. d5 Bxc3+ 9. bxc3 e6 10. Nf3 O-O 11. Bc4 a6 12. Qd2 b5 13. Bb3 c4 14. Bc2 exd5 15. exd5 Bg4 16. Qf4 Re8+ 17.
Kf1 Bxf3 18. Qxf3 Nd7 19. Rd1 Ne5 20. Qg3 Qf6 21. h3 Rad8 22. f4 Nd7 23. Kf2 Nc5 24. Rhe1 Rxe1 25. Kxe1 Re8+ 26. Kf2 Ne4+ 27. Bxe4 Rxe4 28.
d6 Rxf4+ 29. Kg1 Re4 30. d7 Qd8 31. Qd6 Re7 32. Qxe7 Qb6+ 33. Kh1 1-0

[Event "Live Chess"]
[Site "Chess.com"]
[Date "2023.05.21"]
[Round "-"]
[White "DerbyKnight"]
[Black "raminguy"]
[Result "0-1"]
[WhiteElo "1568"]
[BlackElo "1943"]
[TimeControl "300"]
[EndTime "17:41:42 PDT"]
[Termination "raminguy won by resignation"]

1. d4 d5 2. Nf3 Nf6 3. e3 e6 4. Bd3 Be7 5. Nbd2 O-O 6. O-O c5 7. b3 Nc6 8. Bb2 Qc7 9. a3 b6 10. Ne5 Bb7 11. f4 cxd4 12. exd4 Nxe5 13. fxe5 Ne4 14.
Nxe4 dxe4 15. Bc4 a6 16. Rf4 b5 17. Be2 Rac8 18. c4 bxc4 19. bxc4 f6 20. Rh4 fxe5 21. dxe5 Bxh4 22. Bh5 Rcd8 23. Qe2 Qe7 24. g3 Bg5 25. h4 Bh6 26. g4 Qxh4 27. Bc3 Qg3+ 28. Qg2 Qxc3 0-1

[Event "Live Chess"]
[Site "Chess.com"]
[Date "2023.05.21"]
[Round "-"]
[White "stevochess11"]
[Black "chessfiction"]
[Result "0-1"]
[WhiteElo "1784"]
[BlackElo "2346"]
[TimeControl "300"]
[EndTime "17:41:47 PDT"]
[Termination "chessfiction won by resignation"]

1. e4 d5 2. f3 c6 3. c3 h5 4. h4 e5 5. d3 Bc5 6. b4 Bxg1 7. Rxg1 Qxh4+ 8. Ke2 dxe4 9. dxe4 Qh2 10. Be3 Be6 11. Qd6 Na6 12. Na3 Rd8 13. Qxc6+ bxc6 0-1

[Event "Live Chess"]
[Site "Chess.com"]
[Date "2023.05.21"]
[Round "-"]
[White "Tilbs_12"]
[Black "SupremeTactician"]
[Result "0-1"]
[WhiteElo "1557"]
[BlackElo "2325"]
[TimeControl "300"]
[EndTime "17:42:05 PDT"]
[Termination "SupremeTactician won by resignation"]

1. e4 e5 2. Nf3 Nc6 3. c3 d5 4.
exd5 Qxd5 5. Na3 Bg4 6. Be2 e4 7. Ng1 Bxe2 8. Qxe2 O-O-O 9. Nh3 f5 10. c4 Qd7 11. Nc2 Nf6 12. b4 Bxb4 13. Nxb4 Nxb4 14. O-O Qd3 15. Qxd3 Nxd3 16. Ba3 h6 17. Rab1 Rhe8 18. Kh1 g5 19. Ng1 Ng4 20. Ne2 Ngxf2+ 21. Kg1 e3 22.
dxe3 Rxe3 23. Rb3 Rxe2 0-1

[Event "Live Chess"]
[Site "Chess.com"]
[Date "2023.05.21"]
[Round "-"]
[White "M00nDr4g0n"]
[Black "LodeshChess"]
[Result "0-1"]
[WhiteElo "877"]
[BlackElo "1160"]
[TimeControl "300"]
[EndTime "17:42:29 PDT"]
[Termination "LodeshChess won by resignation"]

1. e4 c6 2. Nc3 d5 3. Nf3 Bg4 4. Be2 Bxf3 5. Bxf3 e6 6. O-O Bb4 7. b3 Bxc3 8. dxc3 Nf6 9. Bb2 O-O 10. Qe2 dxe4 11.
c4 exf3 12. Qxf3 Nbd7 13. Qd3 Qc7 14. Rad1 Rad8 15. Qg3 Qxg3 16. hxg3 Nc5 17. Rxd8 Rxd8 18. b4 Ncd7 19. c5 Nd5 20. Bd4 Nf8 21. f4 Nxb4 22.
c3 Nxa2 23. Rf3 Nc1 24. Be5 Rd3 25. Rf2 Rxg3 26. Kh2 Rg6 27. Rc2 Nd3 28. Bb8 a6 29. Ba7 Nxf4 30. Rd2 Nd5 31. c4 Ne3 32. Rd8 Rxg2+ 33. Kh1 Rc2 34. Rb8 Rb2 35. Kg1 Nxc4 36. Kf1 g6 37. Ke1 Kg7 38. Kd1 Nd7 39. Rd8 Nde5 40.
Rd4 Rb5 41. Rxc4 Nxc4 0-1

[Event "Live Chess"]
[Site "Chess.com"]
[Date "2023.05.21"]
[Round "-"]
[White "Pablo_dmp"]
[Black "Baturin_Yevgeniy"]
[Result "0-1"]
[WhiteElo "1863"]
[BlackElo "1813"]
[TimeControl "300"]
[EndTime "17:42:33 PDT"]
[Termination "Baturin_Yevgeniy won on time"]

1. e4 e6 2. Nf3 d5 3. Nc3 Nf6 4. e5 Nfd7 5. d4 c5 6. dxc5 Bxc5 7. Bd3 Nc6 8. Qe2 Nd4 9. Nxd4 Bxd4 10. f4 Bxc3+ 11.
bxc3 Qc7 12. Bd2 O-O 13. O-O b6 14. Rf3 Bb7 15. Bxh7+ Kxh7 16. Rh3+ Kg8 17. Qh5 f5 18. Qh7+ Kf7 19. Rh6 Ke7 20. Qxg7+ Rf7 21. Qg5+ Ke8 22. Rxe6+ Kf8 23. Qh6+ Rg7 24. Qh8+ Kf7 25. Qh6 Qc5+ 26. Kh1 Rag8 27. Rg1 Qf2 28. Rf6+ Ke8 29. Re6+ Kd8 30. Rd6 Rxg2 31. Qf6+ Kc7 32. Rxd7+ Kxd7 33. Qd6+ Kc8 34.
Qe6+ Kb8 35. Qd6+ Ka8 36. Rd1 Rg1+ 0-1

[Event "Live Chess"]
[Site "Chess.com"]
[Date "2023.05.21"]
[Round "-"]
[White "Conradical12"]
[Black "WelshTiger"]
[Result "0-1"]
[WhiteElo "1634"]
[BlackElo "2350"]
[TimeControl "300"]
[EndTime "17:42:39 PDT"]
[Termination "WelshTiger won by resignation"]

1. e4 c5 2. Nc3 a6 3. a4 Nc6 4. Nf3 d6 5. Bc4 e6 6. d4 cxd4 7. Nxd4 Nf6 8. O-O Be7 9. f4 Qc7 10. Be3 O-O 11. e5 dxe5 12. fxe5 Nxe5 13. Bf4 Qxc4 14. Bxe5 b6 15. Qf3 Ra7 16. Qg3 Kh8 17. Qh4 Rd7 18. Bxf6 Bxf6 19. Rxf6 Rxd4 20. Rxe6 Rxh4 0-1

[Event "Live Chess"]
[Site "Chess.com"]
[Date "2023.05.21"]
[Round "-"]
[White "Long1968"]
[Black "Doge_Dandolo"]
[Result "1-0"]
[WhiteElo "1112"]
[BlackElo "1945"]
[TimeControl "300"]
[EndTime "17:43:05 PDT"]
[Termination "Long1968 won by checkmate"]

1. e4 c6 2. d4 d5 3. e5 Bf5 4. Bd3 Bxd3 5. Qxd3 Qa5+ 6. c3 Qa6 7.
Ke2 e6 8. Nf3 c5 9. Be3 Nh6 10.
dxc5 Nf5 11. b4 Nc6 12. b5 Qa5 13. bxc6 bxc6 14. Nbd2 Nxe3 15. fxe3 Bxc5 16. Nb3 Qb6 17. Nxc5 Qxc5 18. Qd4 Qe7 19. Qb4 Qc7 20. Rab1 Kd7 21.
Qb7 Rhb8 22. Qxc7+ Kxc7 23. Rb3 Rxb3 24. axb3 Rb8 25.
Ra1 Rxb3 26. Rxa7+ Kb6 27. Rxf7 Rxc3 28. Rxg7 Rc2+ 29.
Nd2 c5 30. Rxh7 c4 31. Rh6 c3 32. Rxe6+ Kc5 33. Kd3 Rxd2+ 34. Kxc3 Rxg2 35. h4 Rh2 36. Rh6 Rh3 37. Kd2 Rh2+ 38. Ke1 Rh3 39.
Kf2 Rh1 40. h5 Rh3 41. Rh8 Kc6 42. h6 Kd7 43. h7 Ke7 44. Ra8 Ke6 45. h8=Q Rxh8 46. Rxh8 Kxe5 47. Ke2 Ke4 48. Re8+ Kf5 49. Kd3 Kf6 50. Kd4 Kf7 51. Rd8 Ke7 52. Rxd5 Ke6 53. Ra5 Kd6 54. Ra6+ Kc7 55. Kd5 Kd7 56. Ra7+ Kc8 57.
Kd6 Kb8 58. Rh7 Ka8 59. Kc6 Kb8 60. Rg7 Ka8 61. Kb6 Kb8 62. e4 Kc8 63. e5 Kd8 64. e6 Ke8 65. Kc6 Kd8 66. Kd6 Ke8 67. Rg8# 1-0

[Event "Live Chess"]
[Site "Chess.com"]
[Date "2023.05.21"]
[Round "-"]
[White "EdenHazard8"]
[Black "wot-not"]
[Result "1-0"]
[WhiteElo "1988"]
[BlackElo "1546"]
[TimeControl "300"]
[EndTime "17:43:09 PDT"]
[Termination "EdenHazard8 won by resignation"]

1. e4 e6 2. d4 d5 3. exd5 exd5 4. Bd3 Nf6 5. c3 c5 6. Nf3 c4 7. Bc2 Bd6 8. O-O O-O 9. Re1 Qc7 10. Ne5 Nc6 11. f4 h6 12. Nd2 Nh7 13. Ndf3 f6 14. Ng6 Rf7 15. Re8+ Nf8 16. Qe2 Bg4 17. Rxa8 Kh7 18.
Nxf8+ 1-0

[Event "Live Chess"]
[Site "Chess.com"]
[Date "2023.05.21"]
[Round "-"]
[White "SupremeTactician"]
[Black "stevochess11"]
[Result "1-0"]
[WhiteElo "2326"]
[BlackElo "1783"]
[TimeControl "300"]
[EndTime "17:43:46 PDT"]
[Termination "SupremeTactician won by checkmate"]

1. e4 c6 2. d4 d5 3. Nc3 b5 4. exd5 b4 5. Ne4 cxd5 6. Nc5 e6 7. Bb5+ Bd7 8. Nxd7 Nxd7 9. Nf3 Nf6 10. Ne5 Rb8 11.
Qe2 Bd6 12. Nxd7 Nxd7 13. O-O O-O 14. Bd3 f5 15. c3 bxc3 16. bxc3 Nf6 17. Qxe6+ Kh8 18.
Qxf5 Qc7 19. Bg5 Bxh2+ 20. Kh1 Nh5 21. Qxh7# 1-0

[Event "Live Chess"]
[Site "Chess.com"]
[Date "2023.05.21"]
[Round "-"]
[White "peter-785"]
[Black "CeladonFish"]
[Result "1-0"]
[WhiteElo "1207"]
[BlackElo "1079"]
[TimeControl "300"]
[EndTime "17:43:58 PDT"]
[Termination "peter-785 won by resignation"]

1. e4 d6 2. Nf3 Nf6 3. Nc3 g6 4. Bc4 Bg7 5. Ng5 O-O 6. Qf3 Bg4 7. Qe3 h6 8. h3 Bxh3 9. Nxh3 c6 10. Bb3 b5 11. Qg3 b4 12. Ne2 Nxe4 13. Qxg6 Qb6 14. Qxe4 1-0

[Event "Live Chess"]
[Site "Chess.com"]
[Date "2023.05.21"]
[Round "-"]
[White "raminguy"]
[Black "chessfiction"]
[Result "0-1"]
[WhiteElo "1942"]
[BlackElo "2347"]
[TimeControl "300"]
[EndTime "17:45:13 PDT"]
[Termination "chessfiction won by resignation"]

1. d4 d5 2. Nc3 e5 3. dxe5 d4 4. Nb5 Nc6 5. Nf3 Bc5 6. Bg5 Nge7 7. e3 Bg4 8. h3 Bxf3 9. Qxf3 Nxe5 10. Qxb7 O-O 11. Qxc7 Bb4+ 12. c3 dxc3 13. bxc3 Qxc7 14. Nxc7 Bxc3+ 15. Ke2 f6 16. Nxa8 Bxa1 17. Bf4 Rxa8 18. f3 Nd5 19. Bg3 Rc8 20. e4 Rc2+ 21. Kd1 Ne3+ 0-1

[Event "Live Chess"]
[Site "Chess.com"]
[Date "2023.05.21"]
[Round "-"]
[White "laminaaprod"]
[Black "nigelst"]
[Result "1-0"]
[WhiteElo "2238"]
[BlackElo "1785"]
[TimeControl "300"]
[EndTime "17:45:22 PDT"]
[Termination "laminaaprod won by resignation"]

1. d4 Nf6 2. c4 e6 3. Nf3 Bb4+ 4. Bd2 Qe7 5. Nc3 Nc6 6. e3 Bxc3 7. Bxc3 Ne4 8. Bd3 Nxc3 9. bxc3 d6 10. d5 exd5 11.
cxd5 Ne5 12. Nxe5 Qxe5 13. O-O Qxc3 14. Rc1 Qa5 15. Qh5 c6 16. Qg5 O-O 17. Qh4 g6 18.
dxc6 bxc6 19. Rxc6 Qe5 20. Rfc1 Bf5 21. Bxf5 Qxf5 22.
Rxd6 Rab8 23. Qd4 Rb1 24. Qd1 Rxc1 25. Qxc1 Rc8 26. Qd1 Qc5 27. Rd8+ Rxd8 28. Qxd8+ Kg7 29. Qd2 f6 30. g3 a5 31. h4 h5 32. Qd7+ Kh6 33. Qd2 Kg7 34. Kh2 a4 35. Qd7+ Kh6 36.
Qxa4 Qf5 37. Qf4+ Qxf4 38. exf4 Kg7 39. a4 Kf7 40. a5 Ke6 41. a6 Kd6 42. a7 Kc7 43.
a8=Q Kb6 44. Qg8 Kc5 45. Qxg6 Kd4 46. Qxh5 Ke4 47. Qg6+ Kf3 48. Qxf6 Ke2 49. Kg2 1-0

[Event "Live Chess"]
[Site "Chess.com"]
[Date "2023.05.21"]
[Round "-"]
[White "SupremeTactician"]
[Black "Doge_Dandolo"]
[Result "1-0"]
[WhiteElo "2328"]
[BlackElo "1943"]
[TimeControl "300"]
[EndTime "17:45:24 PDT"]
[Termination "SupremeTactician won by resignation"]

1. e4 c6 2. d4 d5 3. Nc3 dxe4 4. Nxe4 Bf5 5. Nc5 b6 6. Nb3 e6 7. Nf3 Nf6 8. Bd3 Bg6 9. O-O Be7 10. c3 O-O 11.
Bf4 Nbd7 12. Re1 Qc8 13. Ne5 Nxe5 14. Bxe5 c5 15. Bxg6 hxg6 16. dxc5 Bxc5 17. Nxc5 Qxc5 18. Qf3 Qe7 19. Rad1 Rfd8 20. Bxf6 Qxf6 21. Qxf6 gxf6 22. f3 Kf8 23. Kf2 Ke7 24. Ke3 Rxd1 25. Rxd1 Rd8 26. Rxd8 Kxd8 27. g4 Kd7 28. h4 f5 29. h5 gxh5 30.
gxh5 Ke7 31. b4 Kf6 32. c4 Kg5 33. c5 1-0

[Event "Live Chess"]
[Site "Chess.com"]
[Date "2023.05.21"]
[Round "-"]
[White "garyjc"]
[Black "stevochess11"]
[Result "0-1"]
[WhiteElo "1036"]
[BlackElo "1783"]
[TimeControl "300"]
[EndTime "17:45:45 PDT"]
[Termination "stevochess11 won by resignation"]

1. e4 c5 2. Nc3 Nc6 3. f4 g6 4.
Bc4 Bg7 5. Nf3 e6 6. O-O Nge7 7. d3 O-O 8. Qe1 Nd4 9. Nxd4 Bxd4+ 10. Kh1 a6 11. Ne2 Bg7 12. f5 d5 13. Ng3 dxc4 14. fxg6 hxg6 15. b3 Bxa1 0-1

[Event "Live Chess"]
[Site "Chess.com"]
[Date "2023.05.21"]
[Round "-"]
[White "gmnorfolk"]
[Black "jimwad"]
[Result "1-0"]
[WhiteElo "2126"]
[BlackElo "1254"]
[TimeControl "300"]
[EndTime "17:45:51 PDT"]
[Termination "gmnorfolk won by resignation"]

1. d4 d5 2. c4 c6 3. cxd5 cxd5 4. Nc3 Nc6 5. Bf4 Nf6 6. e3 Bf5 7. Nf3 a6 8. Be2 e6 9. h3 Bb4 10. O-O Bxc3 11. bxc3 O-O 12. c4 dxc4 13. Bxc4 Rc8 14. Be2 Nd5 15. Bh2 Nc3 16. Qd2 Nxe2+ 17. Qxe2 Ne7 18. e4 Bg6 19. Rfd1 Nc6 20. Qd2 Bxe4 21. Qe3 Bxf3 22. Qxf3 Nxd4 23. Qxb7 Qf6 24. Qxa6 Qxf2+ 25. Kxf2 Rc2+ 26. Kg1 Ne2+ 27. Kh1 Nc3 28. Qd3 Nxd1 29. Qxc2 Ne3 30. Qc5 Nf5 31. Rc1 h6 32. Qxf8+ Kxf8 33. a4 1-0

[Event "Live Chess"]
[Site "Chess.com"]
[Date "2023.05.21"]
[Round "-"]
[White "smoggyrabbit"]
[Black "Biranidun"]
[Result "0-1"]
[WhiteElo "1747"]
[BlackElo "2639"]
[TimeControl "300"]
[EndTime "17:46:17 PDT"]
[Termination "Biranidun won on time"]

1. d4 Nf6 2. Nf3 g6 3. e3 Bg7 4.
Be2 O-O 5. O-O d6 6. b3 c5 7. Bb2 cxd4 8. exd4 d5 9. Nbd2 Nc6 10. c4 Bf5 11.
Ne5 Rc8 12. Nxc6 Rxc6 13. Rc1 Qa5 14. cxd5 Rxc1 15. Qxc1 Nxd5 16. Bc4 Bh6 17. Bxd5 Qxd5 18. Qc4 Qxc4 19. Nxc4 Rd8 20. Re1 Be6 21. Rd1 Bg7 22. Kf1 b6 23. Ke2 Bd5 24. Ne3 Bb7 25.
Rd2 e6 26. f3 h5 27. Nc4 Ba6 28. Kf2 Rd5 29. Ne3 Rd7 30. Ke1 Bb7 31. Nc4 h4 32. Ne5 Rc7 33. Nc4 h3 34. gxh3 Bxf3 35. Ne3 Bh6 36. Kf2 Be4 37. Rd1 Bf4 38. Rc1 Rxc1 39. Bxc1 f5 40. Kg1 Bb1 41. Bd2 Bxa2 42. Nc4 Bxd2 43. Nxd2 b5 44. Kf2 a5 45. Ke3 a4 46.
bxa4 bxa4 47. Kd3 Bd5 48. Kc3 Kh7 49. Kb4 Kh6 50. Kxa4 Kh5 51. Nf3 Bxf3 52. Kb4 Bd5 53. Kc5 Kh4 54. Kd6 Kxh3 55. Ke5 Kxh2 56. Kf6 f4 57.
Kxg6 f3 0-1

[Event "Live Chess"]
[Site "Chess.com"]
[Date "2023.05.21"]
[Round "-"]
[White "Missedidea"]
[Black "alanmike75"]
[Result "1-0"]
[WhiteElo "1837"]
[BlackElo "1559"]
[TimeControl "300"]
[EndTime "17:46:29 PDT"]
[Termination "Missedidea won on time"]

1. d4 d5 2. c4 c6 3. Nf3 Nf6 4. Nc3 e6 5. Bg5 Be7 6. e3 Nbd7 7. Rc1 Nf8 8. Bd3 Ng6 9. h4 h6 10. Bxf6 Bxf6 11. h5 Ne7 12. Ne5 Bxe5 13. dxe5 dxc4 14. Bxc4 Qxd1+ 15. Rxd1 Nd5 16. Ne4 Bd7 17. Nc5 Bc8 18. Rh4 Ke7 19. e4 Nb6 20. Bb3 Nd7 21. Nd3 b6 22. Rg4 Rg8 23. f4 c5 24. Bc4 Bb7 25. f5 Rad8 26. Ke2 a6 27. a4 Nb8 28. b4 cxb4 29.
Nxb4 Rxd1 30. Kxd1 a5 31. Nd3 Nc6 32. f6+ Kf8 33. Bb5 gxf6 34. Rxg8+ Kxg8 35. exf6 Na7 36. Nf2 Nxb5 37. axb5 Kf8 38. Kc2 Ke8 39. Kb3 Kd7 40. Kc4 Kd6 41. Kd4 a4 42. Nd3 a3 43. Nb4 e5+ 44.
Ke3 Kc5 45. Nd3+ Kxb5 46. Nxe5 a2 47. Nxf7 a1=Q 48. Nd6+ Kc6 49. f7 Qf1 50. Nf5 Qe1+ 51. Kf4 Qb4 52. Ke5 Qf8 53. Kf6 1-0

[Event "Live Chess"]
[Site "Chess.com"]
[Date "2023.05.21"]
[Round "-"]
[White "KGreenGator"]
[Black "LiamBellwood"]
[Result "1-0"]
[WhiteElo "1805"]
[BlackElo "2045"]
[TimeControl "300"]
[EndTime "17:46:34 PDT"]
[Termination "KGreenGator won by resignation"]

1. c4 e6 2. d4 f5 3. Nc3 Nf6 4. Nf3 Bb4 5. Bd2 Bxc3 6. Bxc3 Ne4 7. Qc2 b6 8. e3 Bb7 9. Be2 O-O 10. O-O d6 11.
Nd2 Nd7 12. Nxe4 Bxe4 13. Qd1 Nf6 14. Bf3 Qe8 15. b4 e5 16. d5 Bxf3 17. Qxf3 Ne4 18. Rac1 Qg6 19. Qe2 f4 20. exf4 exf4 21. f3 Nxc3 22.
Rxc3 Rae8 23. Qd3 Qf5 24. Qxf5 Rxf5 25. Kf2 Rfe5 26. Rc2 Re3 27. g3 g5 28. gxf4 gxf4 29.
Rg1+ Kf7 30. Rg4 h5 31. Rxf4+ Kg6 32. Kg3 Re2 33. Rxe2 Rxe2 34. a4 Rb2 35. c5 Rd2 36.
cxb6 cxb6 37. Rc4 Rxd5 38. b5 Rc5 39. Rd4 d5 40. h4 Kf6 41. Kf4 Rc1 42. Rxd5 Rc4+ 43.
Kg3 Rxa4 44. Rxh5 a5 45. bxa6 Rxa6 46. Rb5 Kg6 47. Kg4 Ra4+ 48. f4 Ra1 49. Rxb6+ Kg7 50.
Kh5 Ra5+ 51. Kg4 Ra1 52. Rb3 Ra2 53. Rg3 Kf6 54. h5 Ra7 55. Rh3 Rg7+ 56. Kf3 Rh7 57. h6 Kg6 58. Kg4 Rxh6 59. Rxh6+ Kxh6 60. Kf5 Kg7 61. Ke6 Kf8 62. Kf6 Kg8 63. Ke7 1-0

[Event "Live Chess"]
[Site "Chess.com"]
[Date "2023.05.21"]
[Round "-"]
[White "grillage"]
[Black "luckywookie"]
[Result "1-0"]
[WhiteElo "1800"]
[BlackElo "765"]
[TimeControl "300"]
[EndTime "17:47:14 PDT"]
[Termination "grillage won by checkmate"]

1. d4 c6 2. Nf3 d5 3. c4 Nf6 4. Qc2 e6 5. Bg5 Nbd7 6. e3 Bd6 7. cxd5 cxd5 8. Nc3 a6 9. Bd3 b5 10. O-O Bb7 11. e4 dxe4 12. Nxe4 Rc8 13. Nxd6+ Kf8 14. Nxc8 Qxc8 15. Qxc8+ Bxc8 16. Rac1 Bb7 17. Rc7 Bxf3 18. gxf3 h6 19. Bxf6 Nxf6 20. Rc8+ Ne8 21. Rfc1 g6 22. Ra8 f6 23. Rcc8 e5 24. dxe5 f5 25. Rxa6 Rh7 26. Raa8 Rc7 27. Rxe8+ Kf7 28. Bxb5 Rc1+ 29. Kg2 f4 30. Ra6 h5 31. Rb8 Rc7 32. Rc6 Rxc6 33.
Bxc6 Ke6 34. a4 Kxe5 35. a5 Kd6 36. Be4 Kc7 37. a6 Kxb8 38. b4 Ka7 39. b5 g5 40.
h4 gxh4 41. Kh3 Kb6 42. Kxh4 Ka7 43. Kxh5 Kb6 44. Kg4 Kxb5 45. a7 Kb6 46. a8=Q Kc7 47. Qd5 Kb6 48. Qc6+ Ka5 49. Kxf4 Kb4 50. Ke5 Kb3 51.
Kd4 Kb4 52. Qb6+ Ka3 53. Kc3 Ka2 54. Qb2# 1-0

[Event "Live Chess"]
[Site "Chess.com"]
[Date "2023.05.21"]
[Round "-"]
[White "GMHarry-youtube"]
[Black "Baturin_Yevgeniy"]
[Result "1-0"]
[WhiteElo "2040"]
[BlackElo "1810"]
[TimeControl "300"]
[EndTime "17:47:21 PDT"]
[Termination "GMHarry-youtube won by checkmate"]

1. e4 e6 2. d4 d5 3. e5 c5 4. c3 Qb6 5. Nf3 Nc6 6. Bd3 Bd7 7.
dxc5 Bxc5 8. Qe2 a5 9. Nbd2 Nge7 10. Nb3 Ng6 11. h4 a4 12. Nxc5 Qxc5 13. h5 Nge7 14.
h6 g6 15. Bg5 a3 16. Bf6 O-O 17.
Nh2 axb2 18. Qxb2 d4 19. Ng4 Qxc3+ 20. Qxc3 dxc3 21. Bg7 Rfd8 22. Nf6# 1-0

[Event "Live Chess"]
[Site "Chess.com"]
[Date "2023.05.21"]
[Round "-"]
[White "ShanthamGrarks"]
[Black "manthanit"]
[Result "1-0"]
[WhiteElo "2009"]
[BlackElo "1047"]
[TimeControl "300"]
[EndTime "17:47:41 PDT"]
[Termination "ShanthamGrarks won by checkmate"]

1. d4 e6 2. Nc3 d5 3. e4 c5 4.
dxc5 Bxc5 5. exd5 exd5 6. Qxd5 Nc6 7. Bb5 Ne7 8. Qxd8+ Kxd8 9. Bf4 Re8 10. O-O-O+ Bd7 11. Nf3 a6 12. Bxc6 bxc6 13. Ne5 Ra7 14. Nxf7+ Kc8 15. Bd6 Bxf2 16. Rhf1 Be3+ 17. Kb1 Nd5 18.
Nxd5 cxd5 19. Rxd5 Be6 20. Rd3 Bxf7 21. Rc3+ Kd8 22.
Rxe3 Rxe3 23. Bc5 Re1+ 24. Rxe1 Rd7 25. Kc1 Bh5 26. h3 Bg6 27. Rd1 Kc8 28. Rxd7 Kxd7 29. g3 Bf7 30. Bb4 Kc6 31. a3 Kb5 32. Kd2 g6 33. Ke3 Be6 34. h4 a5 35. Bc3 Kc4 36. Kd2 Kd5 37. Bxa5 Ke4 38. Bc7 Kf5 39. Bf4 Ke4 40. Kc3 Kd5 41. Kb4 Kc6 42. b3 Kb6 43. c4 Bd7 44. a4 Bf5 45. c5+ Kb7 46. Bd6 Bd3 47. Kc3 Be2 48. b4 Bd1 49. a5 Be2 50. Kd4 Bd1 51. Ke5 Bc2 52. g4 h5 53. gxh5 gxh5 54. b5 Bd3 55. c6+ Kc8 56. b6 Bb5 57.
Kd5 Ba4 58. Kc5 Bb3 59. b7+ Kd8 60. b8=Q# 1-0

[Event "Live Chess"]
[Site "Chess.com"]
[Date "2023.05.21"]
[Round "-"]
[White "KeithArkell"]
[Black "Conradical12"]
[Result "1-0"]
[WhiteElo "2605"]
[BlackElo "1634"]
[TimeControl "300"]
[EndTime "17:47:47 PDT"]
[Termination "KeithArkell won by resignation"]

1. d4 d5 2. Nf3 Nf6 3. c4 c6 4. Nc3 Bf5 5. Bg5 Nbd7 6. e3 e6 7. Bd3 Bg6 8. O-O Bd6 9. Rb1 O-O 10. c5 Bc7 11. b4 a6 12. a4 Re8 13. Bxg6 fxg6 14.
e4 dxe4 15. Nxe4 Qb8 16. Re1 Bf4 17. Bxf4 Qxf4 18. Nd6 Reb8 19. Rxe6 Nd5 20. Qd2 Qf8 21. Rbe1 N7f6 22. h3 a5 23. b5 Qd8 24. b6 Qd7 25.
Nc4 Rd8 26. Rd6 Qf7 27. Ng5 Qf8 28. Ne6 1-0

[Event "Live Chess"]
[Site "Chess.com"]
[Date "2023.05.21"]
[Round "-"]
[White "Hussamalhaidar"]
[Black "GEMdzq"]
[Result "0-1"]
[WhiteElo "1093"]
[BlackElo "2290"]
[TimeControl "300"]
[EndTime "17:47:49 PDT"]
[Termination "GEMdzq won on time"]

1. b3 e5 2. Bb2 Nc6 3. e3 d5 4. Bb5 Bd6 5. Nf3 Qe7 6. Bxc6+ bxc6 7. O-O Nf6 8. d3 O-O 9. Nbd2 a5 10. Kh1 a4 11. c4 a3 12. Bc3 Bf5 13. d4 e4 14.
Ne5 Nd7 15. Nxc6 Qh4 16. f4 exf3 17. Nxf3 Qh6 18. Nce5 f6 19. Nxd7 Bxd7 20. Qe2 Bg4 21. Qf2 Rae8 22. g3 Qxe3 23. Qxe3 Rxe3 24. Kg2 Rxc3 25.
h3 Bxf3+ 26. Rxf3 Rxf3 27. Kxf3 dxc4 28. bxc4 c5 29. d5 Rb8 30. Ke3 Be5 31. Kd3 Bxa1 0-1

[Event "Live Chess"]
[Site "Chess.com"]
[Date "2023.05.21"]
[Round "-"]
[White "Singapourfeuj"]
[Black "LanceMaster23"]
[Result "0-1"]
[WhiteElo "2167"]
[BlackElo "1913"]
[TimeControl "300"]
[EndTime "17:47:56 PDT"]
[Termination "LanceMaster23 won - game abandoned"]

1. d4 Nf6 2. Nf3 d5 3. c4 c6 4. Nc3 Qb6 5. cxd5 cxd5 6. Bf4 Bf5 7. Qd2 e6 8. e3 Nbd7 9. Be2 Be7 10. O-O O-O 11.
Rac1 Bb4 12. a3 Bxc3 13. bxc3 Qa5 14. Bd3 Bxd3 15. Qxd3 Qxa3 16. Ra1 Qe7 17. Rfb1 b6 18. c4 dxc4 19. Qxc4 Nd5 20. Bg3 Rfc8 21. Qa6 h6 22. h3 N7f6 23. Rc1 Rxc1+ 24. Rxc1 Ne4 25. Be5 f6 26.
Rc8+ Rxc8 27. Qxc8+ Kf7 28. Bf4 Nxf4 29. exf4 a5 0-1

[Event "Live Chess"]
[Site "Chess.com"]
[Date "2023.05.21"]
[Round "-"]
[White "ClassyChameleon"]
[Black "Jo1ts"]
[Result "1/2-1/2"]
[WhiteElo "1114"]
[BlackElo "820"]
[TimeControl "300"]
[EndTime "17:48:01 PDT"]
[Termination "Game drawn by repetition"]

1. e4 d5 2. f3 dxe4 3. fxe4 e5 4. Bc4 Nc6 5. d3 Nf6 6. Nc3 Bb4 7. Bd2 Nd4 8. Nd5 Bxd2+ 9. Qxd2 Be6 10. O-O-O Nxd5 11. Bxd5 Bxd5 12. exd5 Qxd5 13. Nh3 Qxa2 14. Qb4 Nc6 15. Qe4 O-O 16. Ng5 g6 17. Qh4 h5 18.
Ne4 Qa1+ 19. Kd2 Qxb2 20. Qg5 Kh7 21. Nf6+ Kg7 22. Nxh5+ Kh7 23. Nf6+ Kg7 24. Rhf1 Qb4+ 25. c3 Qb2+ 26. Ke3 Qb6+ 27. Ke2 Qb2+ 28. Rd2 Qxc3 29.
Qh4 Rh8 30. Qg4 Nd4+ 31. Ke3 Nc2+ 32. Ke2 Nd4+ 33. Ke3 Nc2+ 34. Ke2 Nd4+ 1/2-1/2

[Event "Live Chess"]
[Site "Chess.com"]
[Date "2023.05.21"]
[Round "-"]
[White "jennybobby44"]
[Black "Tilbs_12"]
[Result "1-0"]
[WhiteElo "1838"]
[BlackElo "1554"]
[TimeControl "300"]
[EndTime "17:48:08 PDT"]
[Termination "jennybobby44 won by resignation"]

1. Nf3 Nf6 2. g3 c5 3. Bg2 Nc6 4. c4 g6 5. Nc3 Bg7 6. O-O d6 7. b3 O-O 8. Bb2 Bd7 9. e3 e5 10. a3 Be6 11. d3 Ne8 12. Rb1 f5 13. Nd5 Bxd5 14. cxd5 Ne7 15. Ng5 Nc7 16. e4 h6 17. Nh3 b5 18. f4 exf4 19. Nxf4 Bxb2 20. Rxb2 Kh7 21. Rbf2 Rf7 22. d4 Qf8 23. dxc5 Ng8 24. Re1 g5 25. Ne6 Nxe6 26. dxe6 Rf6 27. exf5 Rc8 28.
cxd6 Rxf5 29. Be4 Rc5 30. Ref1 Kg6 31. Rxf5 Rxf5 32. Rxf5 Qxf5 33. Bxf5+ Kxf5 34. d7 1-0

[Event "Live Chess"]
[Site "Chess.com"]
[Date "2023.05.21"]
[Round "-"]
[White "ThatGuyNamedJeff"]
[Black "xx_blindpuffin_xx"]
[Result "0-1"]
[WhiteElo "1575"]
[BlackElo "2196"]
[TimeControl "300"]
[EndTime "17:48:17 PDT"]
[Termination "xx_blindpuffin_xx won by resignation"]

1. e4 c6 2. d4 d5 3. Nc3 dxe4 4.
Nxe4 Bf5 5. Ng3 Bg6 6. N1e2 Nd7 7. c3 e6 8. Nf4 Ngf6 9. h4 h6 10. Nxg6 fxg6 11. Bd3 Kf7 12. Qc2 Bd6 13. Bxg6+ Kg8 14. Ne4 Nxe4 15. Qxe4 Qf6 16. Be3 Nf8 17. Bh5 g6 18.
Bf3 Re8 19. h5 g5 20. O-O-O e5 21. dxe5 Bxe5 22. Qc4+ Kg7 23. Bd4 Bxd4 24. Qxd4 Ne6 25. Qxf6+ Kxf6 26. Rd7 Nc5 27. Rc7 Re7 28. Rxe7 Kxe7 29.
Re1+ Kf6 30. Kc2 Rd8 31. b4 Ne6 32. Bg4 Nf8 33. a4 a5 34. bxa5 Ra8 35. Rb1 Rxa5 36. Rxb7 Rxa4 37. Be2 Ra2+ 38. Kd3 Ke6 39. Rb6 Kd6 40.
Kd4 Nd7 41. Rb7 Rxe2 0-1

[Event "Live Chess"]
[Site "Chess.com"]
[Date "2023.05.21"]
[Round "-"]
[White "romchyk1219"]
[Black "grillage"]
[Result "0-1"]
[WhiteElo "634"]
[BlackElo "1800"]
[TimeControl "300"]
[EndTime "17:48:43 PDT"]
[Termination "grillage won by checkmate"]

1. e4 d5 2. d4 dxe4 3. Nc3 e5 4. f3 exd4 5. Nce2 d3 6. cxd3 exd3 7. Nf4 Bb4+ 8. Bd2 Qe7+ 9. Kf2 Bc5+ 10. Kg3 Qg5# 0-1